Map: Deathaura LE

Players

CptCrazy - Winner!

  • Race: Zerg Zerg
  • Spawn Location: 5:00

VOD

Have the link to the VOD?

Description

Time

  • Played on: Nov. 10, 2020, 8:01 a.m.
  • Length: 10:31
Show
View Real Time Build Order
Export as new Build Order

CptCrazy Zerg - Winner!

Build Orders: Hatch First 

Get SALT Encoding   

  12  0:08  Drone  
  12  0:13  Overlord  
  12  0:33  Drone x2  
  12  0:34  Drone  
  12  0:46  Drone  
  12  0:54  Hatchery  
  12  0:57  Drone  
  12  1:04  Extractor  
  12  1:06  Drone  
  12  1:18  Spawning Pool  
  12  1:21  Drone  
  12  1:29  Drone  
  12  1:39  Drone  
  12  1:49  Overlord  
  12  2:07  Metabolic Boost  
  12  2:10  Queen  
  12  2:11  Queen  
  12  2:24  Drone  
  12  2:25  Drone x2  
  12  2:26  Drone  
  12  2:27  Overlord  
  12  3:05  Hatchery  
  12  3:06  Drone x2  
  12  3:07  Drone  
  12  3:08  Drone x2  
  12  3:09  Overlord  
  12  3:23  Drone  
  12  3:24  Drone x2  
  12  3:25  Drone x2  
  12  3:26  Drone x2  
  12  3:46  Evolution Chamber  
  12  3:47  Roach Warren  
  12  3:53  Queen  
  12  4:03  Spore Crawler  
  12  4:10  Spore Crawler  
  12  4:16  Lair  
  12  4:25  Queen  
  12  4:30  Drone x4  
  12  4:31  Drone x5  
  12  4:32  Drone x5  
  12  4:34  Overlord x2  
  12  4:35  Roach  
  12  4:36  Roach  
  12  4:52  Extractor  
  12  5:18  Drone  
  12  5:19  Drone x5  
  12  5:21  Drone x2  
  12  5:22  Drone x2  
  12  5:23  Drone x2  
  12  5:24  Overlord x2  
  12  5:29  Zerg Missile Weapons Level 1  
  12  5:34  Glial Reconstitution  
  12  5:45  Hydralisk Den  
  12  5:47  Roach x2  
  12  5:56  Extractor  
  12  5:57  Extractor  
  12  5:59  Spore Crawler  
  12  6:14  Extractor x2  
  12  6:15  Drone x3  
  12  6:16  Drone x4  
  12  6:17  Overlord x2  
  12  6:23  Hydralisk, Roach x2  
  12  6:39  Muscular Augments  
  12  6:43  Drone x3  
  12  6:44  Drone  
  12  6:45  Drone x2  
  12  6:46  Drone  
  12  6:47  Drone  
  12  6:48  Drone  
  12  6:53  Hydralisk  
  12  6:54  Roach  
  12  7:16  Drone  
  12  7:17  Hydralisk  
  12  7:18  Hydralisk x3, Roach  
  12  7:19  Roach x2  
  12  7:23  Overlord x3  
  12  7:49  Overseer  
  12  7:53  Zerg Ground Armor Level 1  
  12  7:56  Overseer  
  12  7:58  Hydralisk  
  12  7:59  Hydralisk x2, Roach x2  
  12  8:00  Hydralisk, Roach x2  
  12  8:02  Overlord x3  
  12  8:04  Hydralisk x2, Roach  
  12  8:05  Roach  
  12  8:32  Overlord x3  
  12  8:34  Hydralisk x3  
  12  8:35  Roach x2  
  12  9:03  Overlord  
  12  9:04  Overlord x2  
  12  9:06  Hydralisk x4, Roach x2  
  12  9:07  Roach x2  
  12  9:19  Evolution Chamber  
  12  9:28  Hydralisk x4, Roach  
  12  9:29  Hydralisk x2, Roach x5  
  12  9:30  Roach  
  12  9:54  Infestation Pit  
  12  10:03  Lurker Den  
  12  10:07  Hydralisk x5, Roach x2  
  12  10:08  Roach x3  
Tags
 
Add a new tag
Caveats
  • Supply blocks, unpowered buildings, or Contaminate may cause inaccurate times.
  • Supply counts are checked every 10 seconds.